 Dungeon Crawl Stone Soup version 0.31-a0-358-gac0dbeb3ab (webtiles) character file.

Game seed: 12310728910488836924

356 AdnanSaban the Cudgeller (level 6, -2/39 HPs)
             Began as a Gargoyle Fighter on July 26, 2023.
             Killed from afar by a steam dragon (8 damage)
             ... with a ball of steam
             ... on level 4 of the Dungeon.
             The game lasted 00:03:45 (3246 turns).

AdnanSaban the Cudgeller (Gargoyle Fighter)         Turns: 3246, Time: 00:03:46

Health: -2/39      AC: 15    Str: 21    XL:     6   Next: 63%
Magic:  6/6        EV:  8    Int:  9    God:
Gold:   142        SH:  4    Dex:  9    Spells: 5/5 levels left

rFire   . . .        a - +0 flail
rCold   . . .        c - +0 buckler
rNeg    + . .        y - +0 chain mail
rPois   ∞            (no helmet)
rElec   +            (no cloak)
rCorr   .            h - +0 pair of gloves
SInv    .            (no boots)
Will    .....        (no amulet) Stlth
                     (no ring)
HPRegen 0.26/turn    (no ring)
MPRegen 0.10/turn

%: no passive effects
@: no status effects
A: sickness immunity, AC +4, negative energy resistance 1, electricity
resistance, torment resistance 1, petrification resistance
a: no special abilities


You were on level 4 of the Dungeon.
You visited 1 branch of the dungeon, and saw 4 of its levels.

You collected 142 gold pieces.

Inventory:

Hand Weapons
 a - a +0 flail (weapon)
Missiles
 f - 3 poisoned darts (quivered)
Armour
 c - a +0 buckler (worn)
 h - a +0 pair of gloves (worn)
 y - a +0 chain mail (worn)
Jewellery
 t - a ring of ice
Scrolls
 e - 2 scrolls of teleportation {unknown}
 j - 2 scrolls of silence {unknown}
 k - a scroll of revelation {unknown}
 l - a scroll of blinking {unknown}
 n - 2 scrolls of fog {unknown}
 p - a scroll of enchant armour {unknown}
 q - 2 scrolls of identify {unknown}
 r - a scroll of poison {unknown}
 s - a scroll of fear {unknown}
 w - 2 scrolls of vulnerability {unknown}
 x - a scroll of acquirement {unknown}
 z - a scroll of immolation {unknown}
Potions
 b - a potion of attraction {unknown}
 d - 2 potions of might
 g - 2 potions of curing {unknown}
 i - a potion of enlightenment {unknown}
 m - a potion of brilliance {unknown}
 o - a potion of degeneration {unknown}
 u - 2 potions of lignification {unknown}
 v - 2 potions of heal wounds {unknown}


   Skills:
 + Level 4.5 Fighting
 + Level 4.6 Maces & Flails
 + Level 4.3 Armour
 + Level 1.2 Dodging
 + Level 4.1 Shields


You had 5 spell levels left.
You didn't know any spells.
Your spell library contained the following spells:

 Spells                   Type           Power      Damage    Failure   Level
 Summon Small Mammal      Summ           0%         N/A       98%         1
 Call Canine Familiar     Summ           0%         N/A       100%        3
 Summon Guardian Golem    Hex/Summ       0%         N/A       100%        3


Dungeon Overview and Level Annotations

Branches:
Dungeon (4/15)
 Temple: D:4-7

Altars:
Ashenzari
Elyvilon
Trog


Innate Abilities, Weirdness & Mutations

You are immune to sickness and miasma.
Your stone body is resilient. (AC +4)
You are immune to poison.
You resist negative energy. (rN+)
You are resistant to electric shocks. (rElec)
You are resistant to unholy torment.
You are immune to petrification.


Message History

The steam dragon is poisoned.
The steam dragon hisses angrily.
The steam dragon breathes steam at you. The ball of steam hits you.
You throw a poisoned dart.
The poisoned dart hits the steam dragon.
The steam dragon looks even sicker.
The steam dragon is lightly wounded.
You throw a poisoned dart.
The poisoned dart barely misses the steam dragon.
You throw a poisoned dart.
The poisoned dart barely misses the steam dragon.
The steam dragon breathes steam at you. The ball of steam hits you!
You throw a poisoned dart.
The poisoned dart hits the steam dragon.
The steam dragon looks even sicker.
The steam dragon is moderately wounded.
You throw a poisoned dart.
The poisoned dart barely misses the steam dragon.
The steam dragon bites you. The steam dragon barely misses you.
You hit the steam dragon but do no damage.
The steam dragon is moderately wounded.
The steam dragon breathes steam at you. The ball of steam hits you!
* * * LOW HITPOINT WARNING * * *
You hit the steam dragon but do no damage.
The steam dragon is heavily wounded.
You are engulfed in a cloud of scalding steam.
The steam dragon barely misses you. You block the steam dragon's attack.
You hit the steam dragon.
The steam dragon is severely wounded.
You are engulfed in a cloud of scalding steam.
* * * LOW HITPOINT WARNING * * *
The steam dragon bites you.
* * * LOW HITPOINT WARNING * * *
The steam dragon claws you but does no damage.
The steam dragon breathes steam at you. The ball of steam hits you!
You die...

######## ## #......# .# #......#
.# ##### #......# ########
.###...# #......# #......#
..##...######...§..# #......#
...'........'...@.§# #......#
..##...######..D§§.# #......#
..###### ##(###########......#
..# #. #.# #............# ..# #..
#§# #.#####......# .## #... #D#
#.# #.###### .# #.... #.#####.#
#.#
.#####.....###.(.....#####.######
.....+.!...'....§§....[..........


You could see a steam dragon (very poisoned, catching breath).

Vanquished Creatures
  A scorpion (D:2)
  A jelly (D:4)
  A hound (D:4)
  A sleepcap (D:4)
  An iguana (D:3)
  3 gnolls
  4 adders
  2 worms
  2 dart slugs
  5 orcs (D:3)
  10 ball pythons
  4 bats
  8 endoplasms
  3 giant cockroaches
  6 goblins
  6 hobgoblins
  8 jackals
  6 quokkas
  6 frilled lizards
  6 kobolds
  9 rats
93 creatures vanquished.

Notes
Turn   | Place    | Note
-------+----------+-------------------------------------------
     0 | D:1      | AdnanSaban the Gargoyle Fighter began the quest for the
                  | Orb.
     0 | D:1      | Reached XP level 1. HP: 14/14 MP: 1/1
   139 | D:1      | Reached XP level 2. HP: 10/19 MP: 2/2
   590 | D:1      | Reached XP level 3. HP: 24/24 MP: 3/3
   914 | D:2      | Noticed a scorpion
   922 | D:2      | Killed a scorpion
   923 | D:2      | Reached XP level 4. HP: 22/29 MP: 4/4
  1074 | D:2      | Found a broken altar of Ashenzari.
  1112 | D:2      | Reached XP level 5. HP: 33/33 MP: 5/5
  1641 | D:3      | Found a bloodstained altar of Trog.
  1835 | D:3      | Reached skill level 1 in Dodging
  1892 | D:3      | Found a white marble altar of Elyvilon.
  2404 | D:4      | Reached XP level 6. HP: 39/39 MP: 6/6
  2641 | D:4      | Noticed a black bear
  2765 | D:4      | Noticed a steam dragon
  3246 | D:4      | Killed from afar by a steam dragon

Illustrated notes

Levels and vault maps discovered:
D:1:      onia_arrival_mini_maze, layout_basic
D:2:      layout_basic, basic_altar
D:3:      layout_rooms, mainiacjoe_overflow_cross_hatched, lemuel_round_altar,
          grunt_decor_mini_mirrors
D:4:      layout_basic, lemuel_doored_altar

Skill      XL: |  1  2  3  4  5 |
---------------+----------------+-----
Maces & Flails | 3 4 |  4.6
Fighting       | 4 |  4.5
Dodging        | 1 |  1.2
Armour         | 4 |  4.3
Shields        | 4 |  4.1

Action                     |  1- 3 |  4- 6 || total
---------------------------+-------+-------++-------
  Melee: Flail             |    66 |   266 ||   332
  Throw: Dart              |       |    10 ||    10
 Armour: Scale mail        |    40 |   175 ||   215
         Chain mail        |       |    24 ||    24
  Dodge: Dodged            |    27 |   150 ||   177
  Block: Buckler           |    16 |    67 ||    83

Table legend: (Time is in decaauts)
 A = Elapsed time spent in this place.
 B = Non-inter-level travel time spent in this place.
 C = Inter-level travel time spent in this place.
 D = Time resting spent in this place.
 E = Time spent auto-exploring this place.
 F = Levels seen in this place.
 G = Mean time per level.
                   A        B        C        D        E       F      G
               +--------+--------+--------+--------+--------+-----+--------+
         Total |   3336 |   3138 |    198 |    223 |   2073 |   4 |  834.0 |
       Dungeon |   3336 |   3138 |    198 |    223 |   2073 |   4 |  834.0 |
               +--------+--------+--------+--------+--------+-----+--------+

Top non-repeatable levels by time:
     D:1: 909 daAuts
     D:3: 907 daAuts
     D:2: 794 daAuts
     D:4: 725 daAuts
